 Dungeon Crawl Stone Soup version 0.17-a0-913-g36eb389 (webtiles) character file.

6010 drasked the Destroyer (level 10, 0/50 HPs)
             Began as a Deep Elf Ice Elementalist on May 3, 2015.
             Was a Priest of Vehumet.
             Slain by a wraith (4 damage)
             ... on level 9 of the Dungeon.
             The game lasted 01:27:29 (14405 turns).

drasked the Destroyer (Deep Elf Ice Elementalist)  Turns: 14405, Time: 01:27:29

Health: 0/50       AC: 12    Str:  5    XL:     10   Next: 56%
Magic:  0/24       EV: 12    Int: 24    God:    Vehumet [***...]
Gold:   314        SH:  0    Dex: 15    Spells: 5 memorised, 12 levels left

rFire  . . .     SeeInvis .     E - +2 trident (flame)
rCold  . . .     Clarity  .     B - +1 leather armour {rPois}
rNeg   . . .     SustAb   .     (no shield)
rPois  +         Gourm    .     I - +2 helmet
rElec  .         Spirit   +     F - +0 cloak
rCorr  .         Warding  .     v - +2 pair of gloves
rMut   .         Stasis   .     k - +0 pair of boots
MR     +....                    m - amulet of guardian spirit {Spirit}
Stlth  ++........               (no ring)
                                (no ring)

@: slowed, very slow, somewhat resistant to hostile enchantments, unstealthy
A: no striking features
a: Renounce Religion


You were on level 9 of the Dungeon.
You worshipped Vehumet.
Vehumet was most pleased with you.
You were not hungry.

You visited 2 branches of the dungeon, and saw 10 of its levels.

You collected 502 gold pieces.
You spent 188 gold pieces at shops.

Inventory:

Hand weapons
 x - a +0 spear of venom
   (You took it off a gnoll on level 3 of the Dungeon)
 E - a +2 trident of flaming (weapon)
   (You took it off a gnoll sergeant on level 9 of the Dungeon)
Armour
 a - a +0 robe
 k - a +0 pair of boots (worn)
   (You bought it in a shop on level 9 of the Dungeon)
 v - a +2 pair of gloves (worn)
   (You found it on level 3 of the Dungeon)
 y - a +1 leather armour of magic resistance
   (You took it off an orc on level 4 of the Dungeon)
 B - a +1 leather armour of poison resistance (worn)
   (You bought it in a shop on level 9 of the Dungeon)
 F - a +0 cloak (worn)
   (You took it off Crazy Yiuf on level 6 of the Dungeon)
 I - a +2 helmet (worn)
   (You found it on level 9 of the Dungeon)
Jewellery
 m - an amulet of guardian spirit (around neck) {Spirit}
   (You found it on level 3 of the Dungeon)
Scrolls
 d - 3 scrolls of fog
 g - 6 scrolls of remove curse
 h - 2 scrolls of teleportation
 j - a scroll of acquirement {unknown}
 q - 2 scrolls of identify
 t - a scroll of enchant armour {unknown}
 w - 3 scrolls of amnesia
 C - a scroll of enchant weapon {unknown}
 G - a scroll of recharging {unknown}
Potions
 l - a potion of poison {unknown}
 n - a potion of invisibility
 o - 2 potions of resistance
 p - a potion of lignification {unknown}
 s - a potion of mutation {unknown}
 u - a potion of brilliance {unknown}
 D - a potion of flight {unknown}
 H - a potion of magic {unknown}
Books
 b - a book of Frost
 i - a book of Clouds
   (You found it on level 5 of the Dungeon)
 z - a Necronomicon {highlevel, unknown}
   (You found it on level 4 of the Dungeon)
 J - a book of Geomancy
   (You found it on level 9 of the Dungeon)
Comestibles
 c - 2 royal jellies
 f - 2 meat rations {@e2}
 A - 5 bread rations {@e1}


   Skills:
 - Level 3.0 Dodging
 - Level 2.4 Stealth
 - Level 8.0 Spellcasting
 * Level 10.7 Conjurations
 - Level 6.3 Charms
 - Level 10.6 Ice Magic
 + Level 2.6 Air Magic
 + Level 2.9 Poison Magic


You had 12 spell levels left.
You knew the following spells:

 Your Spells              Type           Power        Failure   Level  Hunger
a - Freeze                Ice            ####         1%          1    None
b - Mephitic Cloud        Conj/Pois/Air  #####...     1%          3    None
s - Condensation Shield   Ice            ######....   1%          4    ##.....
x - Throw Frost           Conj/Ice       ######       1%          2    None
A - Ozocubu's Armour      Chrm/Ice       ######..     1%          3    None


Dungeon Overview and Level Annotations

Branches:
Dungeon (9/15)             Temple (1/1) D:5
   Lair: D:8-11         Orc: D:9-12

Altars:
Ashenzari
Cheibriados
Dithmenos
Elyvilon
Fedhas
Gozag
Kikubaaqudgha
Makhleb
Nemelex Xobeh
Okawaru
Qazlal
Ru
Sif Muna
Trog
Vehumet
Xom
Yredelemnul
Zin
The Shining One

Shops:
D:6 *   D:9 %[

Annotations:
D:4 exclusion: Sigmund, Sigmund


Message History

You hit the wraith but do no damage.
An orc wizard appears from thin air!
Reactivating autopickup.
The wraith hits you. You block the wraith's attack.
You take 1 damage, and have 28/50 hp.
You hit the wraith. The wraith misses you.
You barely miss the wraith.
Your icy shield evaporates.
You feel yourself speed up. The wraith hits you. The wraith drains your vigour!
You feel yourself slow down. The wraith hits you but does no damage.
You take 2 damage, and have 26/50 hp.
A film of ice covers your body! The wraith hits you but does no damage.
You now have 3/24 mp.
You hit the wraith but do no damage. The wraith hits you but does no damage.
The wraith hits you but does no damage.
You closely miss the wraith. The wraith closely misses you.
The wraith closely misses you.
You hit the wraith. The wraith closely misses you.
You barely miss the wraith. The wraith hits you but does no damage.
The wraith hits you but does no damage.
You feel yourself speed up. The wraith hits you but does no damage.
A worker ant comes into view.
The worker ant twitches its antennae in your direction.
Wield which item (- for none, * to show all)? (? for menu, Esc to quit)
Your +0 spear of venom stops dripping with poison.
It bursts into flame!
E - a +2 trident of flaming (weapon)
The wraith hits you. The wraith drains your vigour!
You feel yourself slow down.
You take 3 damage, and have 28/50 hp.
You now have 7/24 mp.
You closely miss the wraith. The wraith hits you.
The wraith drains your vigour!
You feel as though you will be slow longer.
The worker ant barely misses you. The wraith barely misses you.
You take 3 damage, and have 25/50 hp.
You now have 6/24 mp.
You barely miss the wraith. The worker ant closely misses you.
The wraith misses you. The worker ant barely misses you.
The wraith hits you but does no damage.
You closely miss the wraith.
The worker ant bites you but does no damage.
The wraith barely misses you.
The worker ant bites you but does no damage.
The wraith hits you. The wraith drains your vigour!
You feel as though you will be slow longer.
You now have 5/24 mp.
You puncture the wraith! You burn the wraith.
The worker ant closely misses you.
The worker ant bites you but does no damage.
The wraith hits you but does no damage.
The worker ant bites you but does no damage.
The wraith hits you but does no damage.
You barely miss the wraith.
The worker ant bites you but does no damage.
The wraith closely misses you.
The worker ant bites you but does no damage.
The wraith misses you.
You hit the wraith. You burn the wraith. The worker ant barely misses you.
The wraith hits you! The worker ant misses you.
You take 5 damage, and have 21/50 hp.
You hit the wraith but do no damage.
The worker ant bites you but does no damage.
The wraith hits you but does no damage.
The worker ant bites you but does no damage.
The wraith barely misses you. The worker ant barely misses you.
You hit the wraith. You burn the wraith. The wraith barely misses you.
The worker ant barely misses you. The wraith barely misses you.
The worker ant closely misses you.
You hit the wraith but do no damage.
Your icy armour starts to melt.
The worker ant misses you. The wraith hits you. The wraith drains your vigour!
You feel as though you will be slow longer.
The worker ant closely misses you. The wraith hits you.
* * * LOW HITPOINT WARNING * * *
The worker ant barely misses you.
You take 7 damage, and have 14/50 hp.
You now have 4/24 mp.
You hit the wraith. You burn the wraith.
The wraith hits you but does no damage. The worker ant closely misses you.
The wraith closely misses you.
The worker ant bites you but does no damage.
The orc wizard mumbles some strange words.
The orc wizard flickers and vanishes!
Deactivating autopickup; reactivate with Ctrl-A.
You closely miss the worker ant.
Your icy armour evaporates.
The wraith hits you but does no damage.
The worker ant bites you but does no damage.
The wraith hits you!
* * * LOW HITPOINT WARNING * * *
The worker ant closely misses you.
You take 5 damage, and have 10/50 hp.
You now have 3/24 mp.
You hit the worker ant. You burn the worker ant.
The worker ant barely misses you. The wraith hits you.
* * * LOW HITPOINT WARNING * * *
The wraith drains your vigour!
You feel as though you will be slow longer.
* * * LOW HITPOINT WARNING * * *
The worker ant barely misses you. The wraith hits you.
You die...

.#....#.................#........
.######..........####...#........
.................#..'...###'#####
#####.########...#..###..........
...(#.# #...#...)#....######
....#.# #...#....#....# ##≈#
....#%# #...#....#....###≈≈≈
....'†# #...#....#....≈#≈≈≈≈
....#)# #..@#....#....≈#≈≈≈≈
....#.########.aW#....#.a..#≈≈≈≈≈
....#............###+##....#≈#≈≈≈
#####...............a>.....##≈≈≈≈
...........................##≈≈≈≈
....(.....#'#####..........≈#≈≈≈≈
........>.#.....#..........##≈≈≈≈
........###.....#..........≈#≈≈≈≈
........#.......#..........#≈≈≈≈≈


You could see a wraith and a worker ant.

Vanquished Creatures
  Erica (D:9)
  Psyche (D:8)
  Grinder (D:6)
  Prince Ribbit (D:6)
  A snapping turtle (D:9)
  A deep elf mage (D:9)
  A hippogriff (D:7)
  A hungry ghost (D:6)
  5 ogres
  4 sky beasts
  An ice beast (D:9)
  3 black bears
  5 orc warriors
  4 centaurs
  A phantom (D:5)
  A big kobold (D:8)
  3 giant frogs
  3 scorpions
  9 killer bees
  3 crimson imps
  2 electric eels (D:9)
  A goliath beetle (D:7)
  4 hounds
  Crazy Yiuf (D:6)
  3 orc priests
  10 orc wizards
  4 worker ants
  An iguana (D:6)
  A hound skeleton (D:4)
  9 gnolls
  8 adders
  3 shadow imps
  An adder skeleton (D:6)
  An adder zombie (D:7)
  5 worms
  36 orcs
  3 ball pythons
  14 bats
  A bat zombie (D:7)
  4 giant cockroaches
  15 goblins
  17 hobgoblins
  10 jackals
  4 giant geckos
  8 giant newts
  3 giant spores
  23 kobolds
  4 quokkas
  13 rats
  15 ballistomycetes
274 creatures vanquished.

Vanquished Creatures (collateral kills)
  A gnoll sergeant (D:9)
1 creature vanquished.

Vanquished Creatures (others)
  A gnoll (D:9)
  A giant spore (D:7)
2 creatures vanquished.

Grand Total: 277 creatures vanquished

Notes
Turn   | Place    | Note
--------------------------------------------------------------
     0 | D:1      | drasked, the Deep Elf Ice Elementalist, began the quest for the Orb.
     0 | D:1      | Reached XP level 1. HP: 10/10 MP: 6/6
   273 | D:1      | Reached XP level 2. HP: 15/15 MP: 5/8
   460 | D:1      | Learned a level 2 spell: Throw Frost
   715 | D:1      | You fall through a shaft!
   748 | D:2      | Reached skill level 4 in Ice Magic
  1125 | D:2      | Reached XP level 3. HP: 19/19 MP: 7/10
  1917 | D:2      | Learned a level 3 spell: Ozocubu's Armour
  1979 | D:2      | Noticed an orc warrior
  2046 | D:2      | HP: 2/19 [orc warrior/battleaxe (17)]
  2972 | D:2      | Reached skill level 2 in Conjurations
  2972 | D:2      | Reached skill level 5 in Ice Magic
  2972 | D:2      | Reached XP level 4. HP: 20/24 MP: 3/11
  3433 | D:3      | Reached XP level 5. HP: 23/28 MP: 1/12
  5128 | D:4      | Reached skill level 6 in Ice Magic
  5309 | D:4      | Reached skill level 3 in Conjurations
  5532 | D:4      | Noticed Sigmund
  5560 | D:4      | Reached XP level 6. HP: 28/32 MP: 13/13
  5817 | D:4      | Found a blossoming altar of Fedhas.
  6179 | D:4      | Learned a level 4 spell: Condensation Shield
  6245 | D:5      | Entered Level 5 of the Dungeon
  6252 | D:5      | Reached skill level 2 in Charms
  6255 | D:5      | Found a staircase to the Ecumenical Temple.
  6264 | Temple   | Entered the Ecumenical Temple
  6316 | Temple   | Became a worshipper of Vehumet
  6545 | D:5      | Reached skill level 4 in Charms
  6647 | D:5      | Reached skill level 5 in Charms
  6647 | D:5      | Reached XP level 7. HP: 16/36 MP: 1/14
  7003 | D:5      | Reached skill level 6 in Charms
  7179 | D:5      | Reached skill level 3 in Dodging
  7190 | D:5      | Learned a level 3 spell: Mephitic Cloud
  7378 | D:5      | Reached skill level 4 in Spellcasting
  7601 | D:5      | Reached skill level 5 in Spellcasting
  7885 | D:6      | Reached skill level 6 in Spellcasting
  8088 | D:6      | Noticed Grinder
  8114 | D:6      | Killed Grinder
  8114 | D:6      | Reached skill level 8 in Spellcasting
  8114 | D:6      | Reached XP level 8. HP: 29/41 MP: 13/22
  8300 | D:6      | Reached skill level 7 in Ice Magic
  8700 | D:6      | Reached skill level 8 in Ice Magic
  8800 | D:6      | Found Tapsitoxt's General Store.
  8836 | D:6      | Noticed Prince Ribbit
  8854 | D:6      | Killed Prince Ribbit
  8854 | D:6      | Reached skill level 9 in Ice Magic
  8942 | D:6      | Noticed Crazy Yiuf
  8947 | D:6      | Killed Crazy Yiuf
  9135 | D:7      | Reached XP level 9. HP: 34/45 MP: 1/23
  9139 | D:7      | Reached skill level 10 in Ice Magic
  9347 | D:7      | Acquired Vehumet's first power
  9347 | D:7      | Offered knowledge of Shock by Vehumet.
  9511 | D:7      | HP: 11/45 [orc warrior/short sword (7)]
  9741 | D:7      | Found a snail-covered altar of Cheibriados.
 10124 | D:7      | Reached skill level 4 in Conjurations
 10542 | D:6      | Reached skill level 5 in Conjurations
 10766 | D:8      | Found a white marble altar of Elyvilon.
 10782 | D:8      | Reached skill level 6 in Conjurations
 11065 | D:8      | Reached skill level 7 in Conjurations
 11212 | D:8      | Offered knowledge of Flame Tongue by Vehumet.
 11593 | D:8      | Noticed Psyche
 11606 | D:8      | Killed Psyche
 11606 | D:8      | Reached skill level 8 in Conjurations
 12179 | D:8      | Reached XP level 10. HP: 16/50 MP: 4/24
 12179 | D:8      | Reached skill level 9 in Conjurations
 12493 | D:9      | HP: 3/50 [snapping turtle (14)]
 13024 | D:9      | Found Rilaveysas's Antique Armour Boutique.
 13087 | D:9      | Bought a pair of boots for 130 gold pieces
 13087 | D:9      | Bought a dyed leather armour for 58 gold pieces
 13337 | D:9      | Reached skill level 10 in Conjurations
 13337 | D:9      | Reached skill level 1 in Poison Magic
 13338 | D:9      | Reached skill level 1 in Air Magic
 13341 | D:9      | Offered knowledge of Dazzling Spray by Vehumet.
 13466 | D:9      | Found a white marble altar of Elyvilon.
 13484 | D:9      | Found a shadowy altar of Dithmenos.
 13485 | D:9      | Found a sparkling altar of Nemelex Xobeh.
 13495 | D:9      | Found Uzxuber's Food Boutique.
 13517 | D:9      | Acquired Vehumet's second power
 13539 | D:9      | Found a bloodstained altar of Trog.
 13542 | D:9      | Found a stormy altar of Qazlal.
 13632 | D:9      | Noticed Erica
 13649 | D:9      | Killed Erica
 13649 | D:9      | Reached skill level 2 in Air Magic
 13649 | D:9      | Reached skill level 2 in Poison Magic
 14404 | D:9      | HP: 10/50 [wraith (5)]
 14405 | D:9      | HP: 4/50 [wraith (2)]
 14405 | D:9      | Slain by a wraith

Action                   |  1- 3 |  4- 6 |  7- 9 | 10-12 || total
-------------------------+-------+-------+-------+-------++-------
Melee: Dagger            |     5 |    11 |    34 |       ||    50
       Spear             |       |   108 |   459 |   239 ||   806
       Quarterstaff      |       |       |    41 |       ||    41
       Trident           |       |       |       |    12 ||    12
 Cast: Freeze            |    59 |    84 |    72 |    17 ||   232
       Throw Frost       |    45 |    11 |    36 |    11 ||   103
       Ozocubu's Armour  |     5 |    17 |    41 |    16 ||    79
       Condensation Shie |       |     3 |    22 |    11 ||    36
       Mephitic Cloud    |       |       |     4 |     6 ||    10
  Use: Scroll            |       |    11 |       |     1 ||    12
       Potion            |       |       |     3 |     2 ||     5
 Stab: Distracted        |       |     1 |       |       ||     1
       Sleeping          |       |     1 |     3 |     4 ||     8
       Confused          |       |       |     3 |     2 ||     5
  Eat: Chunk             |     3 |    13 |    21 |     7 ||    44
       Bread ration      |     1 |       |       |       ||     1
       Beef jerky        |       |       |     2 |       ||     2
       Royal jelly       |       |       |       |     1 ||     1

Vault maps used:
D:1:      lemuel_arrival_behind_the_door_small
D:3:      serial_bayou_ford_a
D:4:      first_bread, fedhas_altar_2, uniq_sigmund
D:5:      minmay_temple_entry_large_hall, kennysheep_minor_cross
D:6:      serial_shops, shop, uniq_crazy_yiuf_cottage, uniq_grinder,
          uniq_prince_ribbit1
D:7:      beetle_altar_1
D:8:      elyvilon_altar_1, uniq_psyche
D:9:      wad_bat_island, grunt_temple_overflow_open, serial_shops,
          shop_fountains, shop, uniq_erica
Temple:   circular_temple_13

Table legend:
 A = Turns spent in this place as a percentage of turns spent in the entire game.
 B = Non-inter-level travel turns spent in this place as a percentage of non-inter-level travel turns spent in the entire game.
 C = Inter-level travel turns spent in this place as a percentage of turns spent in this place.
 D = Turns resting spent in this place as a percentage of non-inter-level travel turns spent in this place.
 E = Turns spent auto-exploring this place as a percentage of non-inter-level travel turns spent in this place.
 F = Non-inter-level travel turns spent in this place divided by the number of levels of this place that you've seen.
                   A       B       C       D       E      F
               +-------+-------+-------+-------+-------+----------------------
         Total | 100.0 | 100.0 |   0.8 |   7.0 |   7.3 | 494.9
       Dungeon |  99.2 |  99.2 |   0.8 |   7.0 |   7.1 | 545.7
        Temple |   0.8 |   0.8 |   0.0 |   0.0 |  26.3 |  38.0
               +-------+-------+-------+-------+-------+----------------------

Table legend:
 A = Kills in this place as a percentage of kills in entire the game.
 B = Kills by you in this place as a percentage of kills by you in the entire game.
 C = Kills by friends in this place as a percentage of kills by friends in the entire game.
 D = Other kills in this place as a percentage of other kills in the entire game.
 E = Experience gained in this place as a percentage of experience gained in the entire game.
 F = Experience gained in this place divided by the number of levels of this place that you have seen.
                   A       B       C       D       E      F
               +-------+-------+-------+-------+-------+----------------------
         Total | 100.0 | 100.0 | 100.0 | 100.0 | 100.0 | 858.7
       Dungeon | 100.0 | 100.0 | 100.0 | 100.0 | 100.0 | 954.1
               +-------+-------+-------+-------+-------+----------------------
